 Dungeon Crawl Stone Soup version 0.28.0-45-g0d030f2227 (webtiles) character file.

Game seed: 4513848622821107247

149 101zpm the Gusty (level 5, 0/37 HPs)
             Began as a Gnoll Air Elementalist on Apr 21, 2022.
             Slain by an orc wizard
             ... wielding a +0 dagger
              (1 damage)
             ... on level 3 of the Dungeon.
             The game lasted 00:03:59 (2497 turns).

101zpm the Gusty (Gnoll Air Elementalist)           Turns: 2497, Time: 00:03:59

Health: 0/37       AC:  2    Str:  7    XL:     5   Next: 31%
Magic:  11/12      EV: 13    Int: 17    God:
Gold:   26         SH:  0    Dex: 12    Spells: 13/14 levels left

rFire   . . .      SeeInvis .   i - +0 whip (vamp)
rCold   . . .      Faith    .   (no shield)
rNeg    . . .      Spirit   .   a - +0 robe
rPois   .          Reflect  .   (no helmet)
rElec   .          Harm     .   (no cloak)
rCorr   .          Rampage  .   (no gloves)
Will    .....                   (no boots)
Stlth   +++.......              (no amulet)
HPRegen 0.12/turn               (no ring)
MPRegen 0.13/turn               (no ring)

@: no status effects
A: fangs 1, strong nose, distributed training
a: no special abilities


You were on level 3 of the Dungeon.
You visited 1 branch of the dungeon, and saw 3 of its levels.

You collected 26 gold pieces.

Inventory:

Hand Weapons
 i - a +0 vampiric whip (weapon)
Armour
 a - a +0 robe (worn)
Scrolls
 b - a scroll of immolation {unknown}
 d - 2 scrolls of identify {unknown}
 e - a scroll of fear {unknown}
Potions
 c - 2 potions of lignification {unknown}
 f - a potion of might {unknown}
 g - a potion of ambrosia {unknown}
 h - 3 potions of haste {unknown}


   Skills:
 + Level 1.4 Fighting
 + Level 1.4 Short Blades
 + Level 1.4 Long Blades
 + Level 1.4 Axes
 + Level 1.4 Maces & Flails
 + Level 1.4 Polearms
 + Level 1.4 Staves
 + Level 1.4 Slings
 + Level 1.4 Bows
 + Level 1.4 Crossbows
 + Level 1.4 Throwing
 + Level 1.4 Armour
 + Level 4.7 Dodging
 + Level 4.4 Stealth
 + Level 1.4 Shields
 + Level 1.4 Unarmed Combat
 + Level 5.2 Spellcasting
 + Level 2.3 Conjurations
 + Level 1.1 Hexes
 + Level 1.1 Summonings
 + Level 1.1 Necromancy
 + Level 1.1 Translocations
 + Level 1.1 Transmutations
 + Level 1.1 Fire Magic
 + Level 1.1 Ice Magic
 + Level 5.5 Air Magic
 + Level 1.1 Earth Magic
 + Level 1.1 Poison Magic
 + Level 1.6 Invocations
 + Level 1.4 Evocations


You had 13 spell levels left.
You knew the following spells:

 Your Spells              Type           Power      Damage    Failure   Level
a - Shock                 Conj/Air       68%        1d7       2%          1

Your spell library contained the following spells:

 Spells                   Type           Power      Damage    Failure   Level
 Static Discharge         Conj/Air       17%        N/A       4%          2
 Swiftness                Air            23%        N/A       4%          3
 Airstrike                Air            11%        N/A       14%         4
 Gell's Gravitas          Tloc           8%         N/A       26%         3
 Teleport Other           Tloc           8%         N/A       26%         3
 Hailstorm                Conj/Ice       10%        3d5       56%         4
 Ice Form                 Ice/Tmut       8%         N/A       65%         4
 Dispersal                Tloc           4%         N/A       100%        6
 Simulacrum               Ice/Necr       4%         N/A       100%        6


Dungeon Overview and Level Annotations

Branches:
Dungeon (3/15)

Altars:
Uskayaw


Innate Abilities, Weirdness & Mutations

You have very sharp teeth.
Your uncanny sense of smell can sniff out nearby items.
Your experience applies equally to all skills.


Message History

You barely miss something. You bite something. Something hits you.
You miss something. Something hits you.
You barely miss something. Something completely misses you.
You barely miss something. Something hits you but does no damage.
You closely miss something. Something hits you but does no damage.
You hear some strange, mumbled words.
You are confused.
You bump into the rock wall.
Something hits you.
You miss something. Something hits you.
You bump into the rock wall.
Something barely misses you. Something hits you.
You bump into the rock wall.
You feel less confused.
You hear some strange, mumbled words.
A puff of flame appears from out of thin air!
The puff of flame hits you.
* * * LOW HITPOINT WARNING * * *
You hit something but do no damage. Your bite misses something.
Something hits you.
* * * LOW HITPOINT WARNING * * *
You hit something.
You feel better. Something hits you but does no damage.
You barely miss something. Something hits you but does no damage.
You completely miss something. Something hits you.
* * * LOW HITPOINT WARNING * * *
You miss something. You punch something. Something barely misses you.
You miss something. Something hits you.
* * * LOW HITPOINT WARNING * * *
You miss something. Something hits you.
* * * LOW HITPOINT WARNING * * *
You closely miss something.
You hear some strange, mumbled words.
A puff of flame appears from out of thin air!
The puff of flame misses you.
You hit something.
You feel better. Something hits you.
* * * LOW HITPOINT WARNING * * *
You barely miss something. Something hits you.
* * * LOW HITPOINT WARNING * * *
You barely miss something. Something barely misses you.
You barely miss something. Something hits you.
You die...

####### #...$.#
#.....####
#......... ∆
+....$..>.
#.........
#.{).....†
#@####.... #.#
# #.# ∆ #.#
..#.# #.# #.#.#
#.#
...###'#######
∆ ∆
#..#.........#
##..#.........#


There were no monsters in sight!

Vanquished Creatures
  An ogre (D:2)
  An adder (D:3)
  A worm (D:2)
  2 dart slugs
  2 orcs (D:3)
  5 ball pythons
  7 endoplasms
  3 hobgoblins
  3 quokkas
  7 bats
  3 frilled lizards
  3 goblins
  2 kobolds
  5 rats
45 creatures vanquished.

Notes
Turn   | Place    | Note
-------+----------+-------------------------------------------
     0 | D:1      | 101zpm the Gnoll Air Elementalist began the quest for the
                  | Orb.
     0 | D:1      | Reached XP level 1. HP: 13/13 MP: 6/6
   256 | D:1      | Reached XP level 2. HP: 19/19 MP: 5/7
  1073 | D:2      | Found a faded altar of an unknown god.
  1156 | D:2      | Reached XP level 3. HP: 25/25 MP: 7/9
  1230 | D:2      | Found a hide-covered altar of Uskayaw.
  1234 | D:2      | Noticed an ogre
  1244 | D:2      | Killed an ogre
  1245 | D:2      | Reached skill level 1 in Fighting
  1245 | D:2      | Reached skill level 1 in Short Blades
  1245 | D:2      | Reached skill level 1 in Long Blades
  1245 | D:2      | Reached skill level 1 in Axes
  1245 | D:2      | Reached skill level 1 in Maces & Flails
  1245 | D:2      | Reached skill level 1 in Polearms
  1245 | D:2      | Reached skill level 1 in Staves
  1245 | D:2      | Reached skill level 1 in Slings
  1245 | D:2      | Reached skill level 1 in Bows
  1245 | D:2      | Reached skill level 1 in Crossbows
  1245 | D:2      | Reached skill level 1 in Throwing
  1245 | D:2      | Reached skill level 1 in Armour
  1245 | D:2      | Reached skill level 1 in Shields
  1245 | D:2      | Reached skill level 1 in Unarmed Combat
  1245 | D:2      | Reached skill level 5 in Spellcasting
  1245 | D:2      | Reached skill level 1 in Hexes
  1245 | D:2      | Reached skill level 1 in Summonings
  1245 | D:2      | Reached skill level 1 in Necromancy
  1245 | D:2      | Reached skill level 1 in Translocations
  1245 | D:2      | Reached skill level 1 in Transmutations
  1245 | D:2      | Reached skill level 1 in Fire Magic
  1245 | D:2      | Reached skill level 1 in Ice Magic
  1245 | D:2      | Reached skill level 1 in Earth Magic
  1245 | D:2      | Reached skill level 1 in Poison Magic
  1245 | D:2      | Reached skill level 1 in Invocations
  1245 | D:2      | Reached skill level 1 in Evocations
  1245 | D:2      | Reached XP level 4. HP: 9/32 MP: 0/11
  1561 | D:2      | Reached XP level 5. HP: 37/37 MP: 5/12
  2495 | D:3      | HP: 1/37 [something (3)]
  2497 | D:3      | Slain by an orc wizard

Illustrated notes

Levels and vault maps discovered:
D:1:      minmay_arrival_plants_in_alcoves, layout_loops_ring, st_stairs_11
D:2:      layout_loops_ring, basic_altar, nicolae_ecumenical_lake_church,
          grunt_decor_clamped
D:3:      layout_basic, xom_redecorated, uniq_crazy_yiuf_cottage

Skill      XL: |  1  2  3 |
---------------+----------+-----
Conjurations   | 2 |  2.3
Fighting       | 1 |  1.4
Short Blades   | 1 |  1.4
Long Blades    | 1 |  1.4
Axes           | 1 |  1.4
Maces & Flails | 1 |  1.4
Polearms       | 1 |  1.4
Staves         | 1 |  1.4
Slings         | 1 |  1.4
Bows           | 1 |  1.4
Crossbows      | 1 |  1.4
Throwing       | 1 |  1.4
Armour         | 1 |  1.4
Shields        | 1 |  1.4
Unarmed Combat | 1 |  1.4
Spellcasting   | 5 |  5.2
Hexes          | 1 |  1.1
Summonings     | 1 |  1.1
Necromancy     | 1 |  1.1
Translocations | 1 |  1.1
Transmutations | 1 |  1.1
Fire Magic     | 1 |  1.1
Ice Magic      | 1 |  1.1
Earth Magic    | 1 |  1.1
Poison Magic   | 1 |  1.1
Invocations    | 1 |  1.6
Evocations     | 1 |  1.4
Dodging        | |  4.7
Stealth        | |  4.4
Air Magic      | |  5.5

Action                   |  1- 3 |  4- 6 || total
-------------------------+-------+-------++-------
Melee: Unarmed           |    16 |       ||    16
       Bite              |     2 |     1 ||     3
       Whip              |       |    20 ||    20
       Punch             |       |     1 ||     1
 Cast: Shock             |    40 |    49 ||    89
 Stab: Sleeping          |     3 |       ||     3
Armor: Robe              |     4 |     6 ||    10
Dodge: Dodged            |    22 |     8 ||    30
